 Dungeon Crawl Stone Soup version 0.24-a0-725-gf1a930fc54 (webtiles) character file.

Game seed: 966377356188482184, levelgen mode: deterministic

238656 Bikalo the Crack Shot (level 19, -6/137 HPs)
             Began as a Centaur Hunter on Oct 1, 2019.
             Was the Champion of Trog.
             Mangled by an infernal warmonger
             ... wielding a +2 demon trident of electrocution
              (28 damage)
             ... in Pandemonium.
             The game lasted 01:55:46 (41034 turns).

Bikalo the Crack Shot (Centaur Hunter)             Turns: 41034, Time: 01:55:47

Health: -6/137     AC: 22    Str: 23    XL:     19   Next: 33%
Magic:  19/19      EV: 11    Int: 12    God:    Trog [******]
Gold:   1228       SH:  0    Dex: 12    Spells: 18/18 levels left

rFire    + + +     SeeInvis +   q - +12 longbow of Trog's Delight {velocity, *Contam rN++ Str+2 Dex+2}
rCold    . . .     Gourm    .   (shield currently unavailable)
rNeg     + + .     Faith    .   F - +0 fire dragon scales
rPois    +         Spirit   .   p - +1 helmet {SInv}
rElec    .         Reflect  .   h - +0 cloak {+Inv}
rCorr    .         Harm     .   w - +2 pair of gloves {archery}
MR       +++..     Clarity  +   u - +1 centaur barding {Fly}
Stlth    ++........             o - amulet of the Chupacabra {Regen+ Int+2 Dex+2 SInv}
HPRegen  1.72/turn              U - ring of protection from cold
MPRegen  0.16/turn              i - ring of protection from fire

@: flying, regenerating, studying Crossbows, very quick
A: large, hooves 3, [blurry vision 2], clarity, [clumsy 2], deformed body, speed
2, [frail 2], poison resistance, tough skin 3, wild magic 1
a: Berserk, Trog's Hand, Brothers in Arms, Renounce Religion, Evoke
Invisibility, Stop Flying


You were in Pandemonium.
You worshipped Trog.
Trog was exalted by your worship.
You were not hungry.

You visited 5 branches of the dungeon, and saw 27 of its levels.
You visited Pandemonium 1 time, and saw 2 of its levels.
You also visited: Gauntlet and Ice Cave.

You collected 2968 gold pieces.
You spent 1740 gold pieces at shops.

Inventory:

Hand Weapons
 a - the +8 longbow "Zephyr" {speed, Dex+3 SInv}
   (You found it on level 4 of the Lair of Beasts)

   Attacks with this weapon are significantly faster.
   It affects your dexterity (+3).
   It lets you see invisible.
 q - the +12 longbow of Trog's Delight (weapon) {velocity, *Contam rN++ Str+2 Dex+2}
   (Trog gifted it to you on level 2 of the Elven Halls)

   Any arrow fired from it inflicts extra damage.
   It affects your strength (+2).
   It affects your dexterity (+2).
   It greatly protects you from negative energy.
   It causes magical contamination when unequipped.
 x - the +3 executioner's axe of Eternity {protect, rN+++ Int-5 Dex+2}
   (Trog gifted it to you in Pandemonium)

   It grants its wielder temporary protection when it strikes (+7 to AC).
   It affects your intelligence (-5).
   It affects your dexterity (+2).
   It renders you almost immune to negative energy.
Missiles
 d - 1247 arrows (quivered)
Armour
 h - a +0 cloak of invisibility (worn)
 p - a +1 helmet of see invisible (worn)
 u - a +1 centaur barding of flying (worn)
 w - a +2 pair of gloves of archery (worn)
 F - +0 fire dragon scales (worn)
 P - a +1 pair of gloves
Jewellery
 b - an uncursed amulet of guardian spirit
 i - a ring of protection from fire (right hand)
 o - the amulet of the Chupacabra (around neck) {Regen+ Int+2 Dex+2 SInv}
   (You found it on level 12 of the Dungeon)

   [amulet of regeneration]

   It affects your intelligence (+2).
   It affects your dexterity (+2).
   It lets you see invisible.
   It increases your rate of regeneration.
 t - an uncursed amulet of the gourmand
 v - an uncursed ring of resist corrosion
 y - an uncursed amulet of magic regeneration {unknown}
 D - an uncursed ring of positive energy
 U - a ring of protection from cold (left hand)
 Y - a +3 ring of strength
Wands
 e - a wand of polymorph (10)
 j - a wand of disintegration (10)
 l - a wand of flame (52)
 M - a wand of clouds (4)
 Z - a wand of acid (35)
Scrolls
 c - 5 scrolls of enchant weapon
 k - 3 scrolls of identify
 m - a scroll of magic mapping
 n - 10 scrolls of teleportation
 r - 14 scrolls of remove curse
 B - 2 scrolls of enchant armour
 C - 2 scrolls of silence
 H - a scroll of holy word
 J - 2 scrolls of fog
 L - 4 scrolls of blinking
 N - 4 scrolls of fear
Potions
 g - 4 potions of might
 s - a potion of ambrosia
 z - a potion of heal wounds
 A - 2 potions of cancellation
 E - 12 potions of curing
 G - 3 potions of agility
 I - 4 potions of resistance
 K - a potion of invisibility
 O - 3 potions of haste
 Q - a potion of brilliance
 W - 3 potions of mutation
Books
 R - a manual of Crossbows
Comestibles
 f - 34 rations


   Skills:
 + Level 15.7 Fighting
   Level 1.0 Short Blades
   Level 8.0 Maces & Flails
 * Level 26.2 Bows
 + Level 6.2 Armour
 + Level 12.6 Dodging
 + Level 8.0 Stealth
   Level 2.0 Shields


You had 18 spell levels left.
You didn't know any spells.
Your spell library contained the following spells:

 Spells                   Type           Power        Failure   Level  Hunger
 Magic Dart               Conj           #...         75%         1    ##.....
 Blink                    Tloc           N/A          86%         2    ###....
 Call Imp                 Summ           #.......     86%         2    ###....
 Slow                     Hex            #.......     86%         2    ###....
 Conjure Flame            Conj/Fire      #.......     97%         3    ####...
 Mephitic Cloud           Conj/Pois/Air  #.......     97%         3    ####...


Dungeon Overview and Level Annotations

Branches:
Dungeon (15/15)            Temple (1/1) D:4            Lair (6/6) D:9
 Shoals (0/4) Lair:3        Snake (0/4) Lair:4        Slime (0/5) Lair:5
    Orc (2/2) D:9             Elf (3/3) Orc:2        Vaults (0/5) D:13
 Depths (0/5) D:15          IceCv (visited)         Gauntlet (visited)

Altars:
Ashenzari
Cheibriados
Dithmenos
Elyvilon
Fedhas
Gozag
Hepliaklqana
Kikubaaqudgha
Makhleb
Nemelex Xobeh
Okawaru
Qazlal
Ru
Sif Muna
Trog
Uskayaw
Vehumet
Wu Jian
Xom
Yredelemnul
Zin
The Shining One
Beogh

Shops:
D:11 (   Orc:2 *}!(?   Elf:2 %(:([

Portals:
Pandemonium: Orc:2
Trove: D:15 (show abyssal rune of Zot)

Annotations:
Lair:2 exclusion: oklob plant


Innate Abilities, Weirdness & Mutations

You have hooves in place of feet.
Armour fits poorly on your strangely shaped body.
You cover ground very quickly.
You have extremely tough skin. (AC +3)
You possess an exceptional clarity of mind.
Your system is resistant to poisons. (rPois)
Your spells are a little harder to cast, but a little more powerful.
[Scrolls take you longer to read.]
[You are very clumsy. (Dex -4)]
[You are very frail. (-20% HP)]


Message History

The blizzard demon is almost dead.
Firing (i - inventory)
d - 1249 arrows (quivered)
Press: ? - help, Shift-Dir - straight line, f/p - infernal warmonger
Aim: an infernal warmonger, wielding a +0 longbow of freezing and wearing a +3 chain mail of cold resistance (severely wounded)
You shoot an arrow. The arrow hits the infernal warmonger.
The infernal warmonger is almost dead.
Firing (i - inventory)
d - 1248 arrows (quivered)
Press: ? - help, Shift-Dir - straight line, f/p - infernal warmonger
Aim: an infernal warmonger, wielding a +0 longbow of freezing and wearing a +3 chain mail of cold resistance (almost dead)
You shoot an arrow. The arrow hits the infernal warmonger!
The infernal warmonger is almost dead.
A hellwing comes into view.
The blizzard demon gestures at you. The bolt of cold hits you!!
* * * LOW HITPOINT WARNING * * *
The infernal warmonger unwields a +0 longbow of freezing.
The infernal warmonger wields a +2 demon trident of electrocution.
You hear the crackle of electricity.
The infernal warmonger hits you with a +2 demon trident of electrocution!!
You die...

#.(........
#.((.......
#..(.......
#.((.......
#)(........
#.(........
#..........
#26........
#.@......##
#........#
#........#
#.(......#
#.........
#.(.......
#########4


You could see an infernal warmonger, a blizzard demon and a hellwing
(wandering).

Vanquished Creatures
  2 Brimstone Fiends (Pan)
  4 Ice Fiends (Pan)
  Rupert (D:15)
  2 deep elf blademasters
  4 deep elf master archers (Elf:3)
  An Executioner (Pan)
  Roxanne (Elf:3)
  An orc warlord (Elf:2)
  A warmonger (Pan)
  2 balrugs (Pan)
  9 deep elf sorcerers
  A frost giant (IceCv)
  3 deep elf elementalists (Elf:3)
  7 reapers (Pan)
  A corrupter (Pan)
  2 blood saints (Pan)
  9 deep elf annihilators
  2 black suns (Pan)
  Azrael (Orc:2)
  6 deep elf demonologists (Elf:3)
  A minotaur (Gauntlet)
  4 lorocyprocas (Pan)
  Snorg (D:11)
  A dire elephant (Lair:6)
  A green death (Pan)
  A death ooze (Gauntlet)
  3 deep elf death magi (Elf:3)
  A fire dragon (D:14)
  A rakshasa (D:13)
  8 deep elf high priests
  4 vault guards (D:13)
  7 hydras
  3 monstrous demonspawn (Pan)
  The ghost of Muar the Destroyer, a journeyman DrCj of Vehumet (D:12)
  2 catoblepae
  An ogre mage (D:15)
  7 centaur warriors
  The ghost of aidenn the Cleaver, a novice HOMo of Beogh (D:7)
  A deep troll shaman (Lair:6)
  10 two-headed ogres
  21 death yaks
  A death knight (D:15)
  20 dancing weapons
  The ghost of hitsuchi the Carver, a journeyman OpCK of Xom (Lair:1)
  The ghost of petercordia3 the Fighter, a novice OgAK of Lugonu (D:7)
  10 orc high priests
  Urug (D:11)
  14 deep elf knights
  3 spriggans (D:12)
  The ghost of bmj180 the Geomancer, a novice GrEE of Sif Muna (D:7)
  4 sun demons (Pan)
  3 sixfirhies (Pan)
  2 unseen horrors
  The ghost of bmj180 the Digger, a novice GrEE of Sif Muna (D:7)
  3 wizards
  A cherub (Pan)
  2 torturous demonspawn (Pan)
  9 deep elf archers
  3 gelid demonspawn
  Pikel (D:5)
  65 deep elf magi
  An oklob plant (Lair:5)
  A necromancer (D:15)
  6 ugly things (D:15)
  16 orc knights
  2 manticores
  5 orc sorcerers
  4 cyclopes
  10 elephants
  3 merfolk sirens (Lair:3)
  2 centaur zombies
  An ice statue (IceCv)
  A rust devil (Pan)
  5 black mambas
  An orange demon (Pan)
  2 torpor snails
  A centaur skeleton (D:15)
  7 smoke demons
  A gargoyle (D:10)
  11 spiny frogs
  Psyche (D:8)
  A kobold demonologist (D:12)
  7 komodo dragons
  A komodo dragon (shapeshifter) (D:15)
  An efreet (D:13)
  A hellion (Pan)
  A redback zombie (D:15)
  A rime drake (Lair:6)
  6 demonic crawlers (Pan)
  2 ice devils (Lair:3)
  3 tengu conjurers
  3 yaktaurs (D:14)
  2 red devils (Pan)
  14 polar bears
  4 hellwings
  2 guardian mummies (D:15)
  3 meliai (D:13)
  9 trolls
  A merfolk (Lair:3)
  A hornet (shapeshifter) (D:15)
  3 hornets
  Prince Ribbit (D:9)
  9 blink frogs
  Grinder (D:6)
  A slime creature (D:13)
  2 vampires
  A centaur simulacrum (Gauntlet)
  A water elemental (Elf:3)
  9 hippogriffs
  5 shadows
  5 air elementals
  7 wraiths
  A ynoxinul (Orc:2)
  71 yaks
  4 fire elementals
  3 wyverns
  4 basilisks
  5 chaos spawn (Pan)
  A hungry ghost (D:12)
  2 harpy simulacra
  A redback simulacrum (Gauntlet)
  9 vampire mosquitoes
  An insubstantial wisp (Lair:2)
  3 wargs (Orc:2)
  A soldier ant (D:13)
  An acid dragon (D:15)
  Duvessa (D:4)
  5 hell hounds
  12 porcupines
  11 water moccasins
  4 sky beasts
  A hornet zombie (D:7)
  A swamp drake (Lair:2)
  49 orc warriors
  6 ice beasts
  4 slaves (D:5)
  3 black bears
  3 eyes of draining
  10 ogres
  A boggart (Elf:1)
  8 phantoms
  27 wolves
  11 crocodiles
  21 centaurs
  2 big kobolds (D:12)
  A wyvern zombie (D:15)
  15 bullfrogs
  3 earth elementals
  Dowan (D:4)
  4 scorpions
  5 wights (D:14)
  5 howler monkeys
  3 electric eels (Elf:3)
  3 crimson imps
  2 quasits
  2 bullfrog zombies
  4 human zombies (D:9)
  4 hounds
  6 jellies
  A wyvern simulacrum (D:15)
  41 orc priests
  29 orc wizards
  6 bullfrog skeletons
  Ijyb (D:5)
  4 human skeletons (D:9)
  5 iguanas
  15 worker ants
  A hound zombie (D:6)
  A hound skeleton (D:6)
  A worker ant zombie (D:11)
  2 mummies (D:9)
  6 gnolls
  A howler monkey skeleton (D:10)
  15 adders
  3 shadow imps
  An ooze (D:3)
  3 adder zombies
  An adder skeleton (D:10)
  4 worms
  3 dart slugs
  4 leopard geckos
  78 orcs
  3 ball pythons
  3 giant cockroaches
  8 hobgoblins
  4 jackals
  10 kobolds
  4 quokkas
  10 bats
  A frilled lizard (D:3)
  8 goblins
  A leopard gecko skeleton (D:4)
  An orc zombie (D:9)
  20 rats
  A plant (Lair:2)
1120 creatures vanquished.

Vanquished Creatures (collateral kills)
  A deep elf elementalist (Elf:3)
  7 polar bears (IceCv)
  3 yaks (IceCv)
  2 wolves (IceCv)
13 creatures vanquished.

Vanquished Creatures (others)
  A corrupter (Pan)
  A jelly (D:13)
  An orc (Orc:2)
  17 fungi
  2 plants
22 creatures vanquished.

Grand Total: 1155 creatures vanquished

Notes
Turn   | Place    | Note
-------+----------+-------------------------------------------
     0 | D:1      | Bikalo the Centaur Hunter began the quest for the Orb.
     0 | D:1      | Reached XP level 1. HP: 17/17 MP: 1/1
   313 | D:1      | Reached XP level 2. HP: 23/24 MP: 2/2
   670 | D:1      | Reached XP level 3. HP: 19/29 MP: 3/3
   700 | D:1      | Found a glowing golden altar of the Shining One.
   735 | D:1      | Reached skill level 1 in Stealth
  1064 | D:2      | Reached skill level 6 in Bows
  1653 | D:2      | Reached XP level 4. HP: 35/37 MP: 4/4
  2107 | D:2      | Found a sparkling altar of Nemelex Xobeh.
  2667 | D:3      | Reached skill level 1 in Short Blades
  2667 | D:3      | Reached XP level 5. HP: 13/42 MP: 5/5
  2912 | D:3      | Reached skill level 1 in Armour
  3539 | D:3      | Found a radiant altar of Vehumet.
  3539 | D:3      | Found a basalt altar of Yredelemnul.
  3724 | D:4      | Noticed Duvessa
  3724 | D:4      | Noticed Dowan
  3793 | D:4      | Reached skill level 7 in Bows
  3804 | D:4      | Reached XP level 6. HP: 46/51 MP: 6/6
  3918 | D:4      | Found a staircase to the Ecumenical Temple.
  3932 | Temple   | Entered the Ecumenical Temple
  4101 | Temple   | Became a worshipper of Trog the Wrathful
  4239 | D:4      | Killed Dowan
  4376 | D:4      | Killed Duvessa
  4442 | D:4      | Reached XP level 7. HP: 57/57 MP: 7/7
  4531 | D:4      | Reached skill level 8 in Bows
  4991 | D:5      | Entered Level 5 of the Dungeon
  5135 | D:5      | Noticed Ijyb
  5151 | D:5      | Killed Ijyb
  5623 | D:5      | Got an encrusted morningstar
  5645 | D:5      | Identified the +6 morningstar of Ugaru {vamp, rElec Dex+5}
                  | (You found it on level 5 of the Dungeon)
  5761 | D:5      | Noticed Pikel
  5769 | D:5      | Killed Pikel
  5769 | D:5      | Reached skill level 1 in Maces & Flails
  5769 | D:5      | Reached skill level 9 in Bows
  5769 | D:5      | Reached XP level 8. HP: 66/67 MP: 8/8
  6503 | D:6      | Noticed Grinder
  6516 | D:6      | Reached skill level 10 in Bows
  6522 | D:6      | Killed Grinder
  6522 | D:6      | Reached skill level 5 in Fighting
  6974 | D:6      | Found a shimmering altar of Xom.
  7044 | D:6      | Reached * piety under Trog
  7076 | D:6      | Reached XP level 9. HP: 52/74 MP: 9/9
  7753 | D:7      | Reached skill level 11 in Bows
  7924 | D:7      | Found a runed translucent gate.
  7924 | D:7      | Found a runed translucent gate.
  7924 | D:7      | Found a runed translucent gate.
  7925 | D:7      | Noticed petercordia3's ghost (novice OgAK)
  7926 | D:7      | Noticed bmj180's ghost (novice GrEE)
  7926 | D:7      | Noticed bmj180's ghost (novice GrEE)
  7934 | D:7      | Noticed aidenn's ghost (novice HOMo)
  8520 | D:7      | Found an iron altar of Okawaru.
  9143 | D:8      | Found an ornate altar of the Wu Jian Council.
  9508 | D:8      | Paralysed by a hornet for 3 turns
  9523 | D:8      | Paralysed by a hornet for 2 turns
  9758 | D:8      | Killed an unseen horror
 10041 | D:7      | Killed petercordia3's ghost
 10041 | D:7      | Reached ** piety under Trog
 10041 | D:7      | Reached skill level 12 in Bows
 10041 | D:7      | Reached XP level 10. HP: 83/83 MP: 10/10
 10101 | D:7      | Killed bmj180's ghost
 10112 | D:7      | Killed aidenn's ghost
 10112 | D:7      | Reached skill level 5 in Dodging
 10396 | D:7      | Killed bmj180's ghost
 10424 | D:7      | Reached skill level 13 in Bows
 10853 | D:8      | Noticed Psyche
 10861 | D:8      | Killed Psyche
 11056 | D:8      | Reached skill level 1 in Shields
 11482 | D:9      | Found an ancient bone altar of Kikubaaqudgha.
 11598 | D:9      | Reached *** piety under Trog
 11655 | D:9      | Reached XP level 11. HP: 92/92 MP: 11/11
 11663 | D:9      | Reached skill level 5 in Maces & Flails
 11928 | D:9      | Found a staircase to the Lair.
 11937 | D:9      | Received a gift from Trog
 12619 | D:9      | Found a staircase to the Orcish Mines.
 12620 | D:9      | Noticed Prince Ribbit
 12635 | D:9      | Noticed a two-headed ogre
 12646 | D:9      | Killed a two-headed ogre
 12646 | D:9      | Reached skill level 5 in Stealth
 12648 | D:9      | Killed Prince Ribbit
 12648 | D:9      | Reached skill level 14 in Bows
 13023 | D:10     | Entered Level 10 of the Dungeon
 13618 | D:10     | Reached **** piety under Trog
 14042 | D:9      | Received a gift from Trog
 14153 | D:10     | Noticed a two-headed ogre
 14165 | D:10     | Killed a two-headed ogre
 14452 | D:11     | Noticed Snorg
 14720 | Lair:1   | Entered Level 1 of the Lair of Beasts
 14823 | Lair:1   | Reached skill level 15 in Bows
 15102 | Lair:1   | Noticed a seven-headed hydra
 15125 | Lair:1   | Killed a seven-headed hydra
 15302 | Lair:1   | Reached XP level 12. HP: 103/103 MP: 12/12
 15464 | Lair:1   | Received a gift from Trog
 15684 | Lair:1   | Found a runed translucent door.
 15684 | Lair:1   | Noticed hitsuchi's ghost (journeyman OpCK)
 15745 | Lair:1   | Killed hitsuchi's ghost
 16949 | Lair:1   | Received a gift from Trog
 17330 | Lair:2   | Reached skill level 16 in Bows
 17409 | Lair:2   | Noticed an eight-headed hydra
 17420 | Lair:2   | Killed an eight-headed hydra
 18080 | Lair:3   | Found a staircase to the Shoals.
 18582 | Lair:3   | Found a frozen archway.
 18621 | IceCv    | Entered an ice cave
 18669 | IceCv    | Received a gift from Trog
 18787 | IceCv    | Reached XP level 13. HP: 84/111 MP: 13/13
 18816 | IceCv    | Reached skill level 17 in Bows
 19158 | IceCv    | Received a gift from Trog
 19300 | IceCv    | Noticed a frost giant
 19457 | IceCv    | Killed a frost giant
 20220 | Lair:3   | Reached skill level 10 in Fighting
 21550 | Lair:4   | Received a gift from Trog
 21587 | Lair:4   | Found a staircase to the Snake Pit.
 22000 | Lair:4   | Reached skill level 18 in Bows
 22372 | Lair:4   | Found the +8 longbow "Zephyr" {speed, Dex+3 SInv}
 23114 | Lair:5   | Reached XP level 14. HP: 122/122 MP: 14/14
 23125 | Lair:5   | Received a gift from Trog
 23134 | Lair:5   | Reached skill level 19 in Bows
 23591 | Lair:5   | Found a staircase to the Slime Pits.
 23885 | Lair:6   | Entered Level 6 of the Lair of Beasts
 24066 | Lair:6   | Reached ***** piety under Trog
 24408 | Lair:6   | Received a gift from Trog
 24674 | Lair:6   | Reached skill level 20 in Bows
 25134 | Lair:6   | Gained mutation: Your body sometimes deteriorates upon
                  | taking damage. [potion of mutation]
 25134 | Lair:6   | Lost mutation: Your body sometimes deteriorates upon taking
                  | damage. [potion of mutation]
 25134 | Lair:6   | Gained mutation: You are covered in fur. (AC +1) [potion of
                  | mutation]
 25135 | Lair:6   | Lost mutation: You are covered in fur. (AC +1) [potion of
                  | mutation]
 25135 | Lair:6   | Gained mutation: You possess an exceptional clarity of
                  | mind. [potion of mutation]
 25135 | Lair:6   | Gained mutation: Your spells are a little harder to cast,
                  | but a little more powerful. [potion of mutation]
 25135 | Lair:6   | Gained mutation: Your system is resistant to poisons.
                  | (rPois) [potion of mutation]
 25383 | Orc:1    | Entered Level 1 of the Orcish Mines
 25483 | Orc:1    | Received a gift from Trog
 25524 | Orc:1    | Found a roughly hewn altar of Beogh.
 25663 | Orc:2    | Entered Level 2 of the Orcish Mines
 25664 | Orc:2    | Found Lujinaunun's Magic Scroll Shop.
 26162 | Orc:2    | Found a staircase to the Elven Halls.
 26189 | Orc:2    | Noticed Azrael
 26764 | Orc:2    | Killed Azrael
 26796 | Orc:2    | Reached XP level 15. HP: 132/132 MP: 15/15
 26864 | Orc:2    | Found a roughly hewn altar of Beogh.
 27131 | Orc:2    | Reached ****** piety under Trog
 27140 | Orc:2    | Received a gift from Trog
 27253 | Orc:2    | Found Lidas's General Store.
 27261 | Orc:2    | Found Puozeyhei's Distillery.
 27296 | Orc:2    | Reached skill level 21 in Bows
 27633 | Orc:2    | Received a gift from Trog
 27698 | Orc:2    | Reached skill level 10 in Dodging
 27702 | Orc:2    | Found Xishithr Coemn's Antique Weapon Boutique.
 27702 | Orc:2    | Found Viuchicrue's Gadget Shop.
 27702 | Orc:2    | Found a one-way gate leading to the halls of Pandemonium.
 28268 | D:11     | Killed Snorg
 28362 | D:11     | Noticed Urug
 28374 | D:11     | Killed Urug
 28470 | D:11     | Found Okytin's Weapon Emporium.
 28635 | D:12     | Found a gate leading to a gauntlet.
 28647 | Gauntlet | Entered a Gauntlet
 28647 | Gauntlet | Found a transporter.
 28655 | Gauntlet | Found a transporter.
 28656 | Gauntlet | Found a transporter.
 28665 | Gauntlet | Found a transporter.
 28667 | Gauntlet | Found a transporter.
 28671 | Gauntlet | Found the +18 shield of the Gong {rElec rN+ MR+ EV-5}
 28682 | Gauntlet | Found a transporter.
 28693 | Gauntlet | Found a transporter.
 28696 | Gauntlet | Found the amulet of Vitality {Regen+ HP+15}
 28703 | Gauntlet | Found a transporter.
 28713 | Gauntlet | Found a transporter.
 28728 | Gauntlet | Found a transporter.
 28740 | Gauntlet | Found a runed translucent door.
 28742 | Gauntlet | Found a transporter.
 28742 | Gauntlet | Found a transporter.
 28745 | Gauntlet | Found a runed translucent door.
 28783 | Gauntlet | Found a transporter.
 28934 | Gauntlet | Got a smoking wooden ring
 28960 | Gauntlet | Identified the ring "Aphacet" {*Slow rElec rPois AC+6
                  | Int+4} (You found it in a Gauntlet)
 29030 | Gauntlet | Identified the Guide on Enchantment
 29038 | Gauntlet | Identified the Collected Works on Transformation
 29148 | D:12     | Got a heavily runed lead amulet
 29198 | D:12     | Identified the amulet of the Chupacabra {Regen+ Int+2 Dex+2
                  | SInv} (You found it on level 12 of the Dungeon)
 29284 | D:12     | Found a runed translucent door.
 29287 | D:12     | Identified the +1 trident "Bugoot" {holy, rF+ rN++ MR+
                  | Int-2}
 29287 | D:12     | Identified the +9 fustibalus "Eviscerator" {venom, +Fly
                  | Str+3}
 29289 | D:12     | Noticed Muar's ghost (journeyman DrCj)
 29363 | D:12     | Killed Muar's ghost
 29502 | D:12     | Reached skill level 22 in Bows
 29584 | D:12     | Received a gift from Trog
 30099 | D:13     | Found a gate to the Vaults.
 30760 | D:14     | Reached XP level 16. HP: 144/144 MP: 16/16
 30803 | D:14     | Received a gift from Trog
 31268 | D:14     | Received a gift from Trog
 31647 | D:15     | Entered Level 15 of the Dungeon
 31795 | D:15     | Received a gift from Trog
 32009 | D:15     | Noticed Rupert
 32019 | D:15     | Killed Rupert
 32059 | D:15     | Reached skill level 23 in Bows
 32064 | D:15     | Received a gift from Trog
 32505 | D:15     | Found a staircase to the Depths.
 32594 | D:15     | Found a portal to a secret trove of treasure.
 32991 | Elf:1    | Entered Level 1 of the Elven Halls
 33780 | Elf:1    | Received a gift from Trog
 33814 | Elf:1    | Received a gift from Trog
 34194 | Elf:1    | Received a gift from Trog
 34496 | Elf:2    | Found Zov Usso's Antique Weapon Shoppe.
 34521 | Elf:2    | Received a gift from Trog
 34574 | Elf:2    | Identified a scroll of acquirement
 34582 | Elf:2    | Reached XP level 17. HP: 134/152 MP: 17/17
 34629 | Elf:2    | Found Nalun's Antique Armour Boutique.
 34647 | Elf:2    | Bought fire dragon scales for 1740 gold pieces
 34698 | Elf:2    | Found Jysyfoh's Weapon Emporium.
 34716 | Elf:2    | Received a gift from Trog
 34723 | Elf:2    | Reached skill level 24 in Bows
 34860 | Elf:2    | Found Uxiof's Book Shoppe.
 34874 | Elf:2    | Found Sebluk's Food Boutique.
 35403 | Elf:2    | Received a gift from Trog
 35754 | Elf:2    | Found a runed translucent gate.
 35754 | Elf:2    | Found a runed translucent gate.
 35766 | Elf:2    | Found a runed translucent gate.
 36027 | Elf:2    | Noticed a deep elf blademaster
 36077 | Elf:2    | Killed a deep elf blademaster
 36167 | Elf:2    | Received a gift from Trog
 36173 | Elf:2    | Got a scorched longbow {god gift}
 36174 | Elf:2    | Identified the +12 longbow of Trog's Delight {velocity,
                  | *Contam rN++ Str+2 Dex+2} (Trog gifted it to you on level 2
                  | of the Elven Halls)
 36528 | Elf:3    | Entered Level 3 of the Elven Halls
 36644 | Elf:3    | Found a radiant altar of Vehumet.
 36956 | Elf:3    | Identified Roxanne's Collected Works on Changing
 36956 | Elf:3    | Noticed Roxanne
 36969 | Elf:3    | Killed Roxanne
 37197 | Elf:3    | Noticed a deep elf blademaster
 37207 | Elf:3    | Killed a deep elf blademaster
 37216 | Elf:3    | Reached XP level 18. HP: 123/162 MP: 18/18
 37384 | Elf:3    | Reached skill level 25 in Bows
 37401 | Elf:3    | Reached skill level 15 in Fighting
 37405 | Elf:3    | Received a gift from Trog
 37518 | Elf:3    | HP: 1/163 [deep elf annihilator/bolt of lightning (34)]
 37759 | Elf:3    | Identified the cursed +1 leather armour of the Komtur {MR+
                  | Regen+ rCorr Dex-5}
 37759 | Elf:3    | Identified the cursed ring of Jaumna {*Slow MR- Str-2 SInv
                  | Stlth+}
 37987 | Elf:3    | Reached skill level 5 in Armour
 37992 | Elf:3    | Identified the cursed +1 scale mail "Higoyt" {Int+5}
 38472 | Elf:3    | Identified the ring of Jealousy {+Fly SInv}
 39126 | Pan      | Entered Pandemonium
 39288 | Pan      | Received a gift from Trog
 39462 | Pan      | Noticed a Brimstone Fiend
 39467 | Pan      | Noticed a Brimstone Fiend
 39482 | Pan      | Killed a Brimstone Fiend
 39623 | Pan      | Received a gift from Trog
 39624 | Pan      | Got a faintly glowing executioner's axe {god gift}
 39625 | Pan      | Identified the +3 executioner's axe of Eternity {protect,
                  | rN+++ Int-5 Dex+2} (Trog gifted it to you in Pandemonium)
 39793 | Pan      | Noticed an Ice Fiend
 39800 | Pan      | Killed an Ice Fiend
 39834 | Pan      | Noticed an Ice Fiend
 39840 | Pan      | Killed an Ice Fiend
 40023 | Pan      | Killed a Brimstone Fiend
 40023 | Pan      | Reached XP level 19. HP: 138/170 MP: 19/19
 40167 | Pan      | Found an exit through the horrors of the Abyss.
 40353 | Pan      | Reached skill level 26 in Bows
 40688 | Pan      | Received a gift from Trog
 41026 | Pan      | HP: 6/137 [infernal warmonger/arrow (7)]
 41034 | Pan      | Mangled by an infernal warmonger

Levels and vault maps discovered:
D:1:      erik_arrival_orb_chamber, layout_rooms, hex_large, tso_metal_star
D:2:      layout_basic, lemuel_coloured_pillars_altar, serial_forest,
          infiniplex_forest_end_2, infiniplex_forest_clump_small,
          infiniplex_forest_end_1, infiniplex_forest_diagonal,
          infiniplex_forest_lined_corner, infiniplex_forest_lined_room_2,
          infiniplex_forest_clump_large
D:3:      layout_basic, gammafunk_temple_overflow_wave
D:4:      layout_loops_ring, minmay_temple_entry_fiery, first_ration,
          uniq_duvessa
D:5:      layout_basic, uniq_ijyb, uniq_pikel
D:6:      layout_gridville, tgw_xom, uniq_grinder
D:7:      minmay_flawed_box, layout_basic, lemuel_crystal_altar,
          gammafunk_ghost_cemetery
D:8:      layout_loops_ring, lemuel_round_altar, uniq_psyche
D:9:      layout_loops_corners, lemuel_mausoleum_altar_kikubaaqudgha,
          grunt_lair_entry_orc_guard_hut, david_orc_3, uniq_prince_ribbit1
D:10:     layout_gridville
D:11:     layout_roguey, serial_shops, shop, uniq_urug, uniq_snorg
D:12:     layout_roguey, ebering_ghost_funeral_grove, gauntlet_entry_generic,
          blue_anna_alchemist [blue_anna_fruit_fields, blue_anna_fruit_fields],
          minmay_radiant
D:13:     layout_basic, lightli_vaults_fourway_checkpoint
D:14:     layout_irregular_city, roderic_lattice_a
D:15:     grunt_enter_depths_magical_seal, layout_basic,
          nicolae_trove_entry_path_of_doom, uniq_rupert
Temple:   eino_temple_rhombus
Lair:1:   layout_cave_pods, gammafunk_ghost_grave, lemuel_fruit_tree
Lair:2:   layout_loops_ring, pond, minmay_lair_oklob_chamber
Lair:3:   layout_long_grid, elwin_shoals_entry_stream,
          portal_ice_cave_demonic_guard
Lair:4:   layout_long_grid, minmay_snake_entry_six_corridors,
          infiniplex_staircase_pool_2, serial_bayou_shore_a
Lair:5:   layout_roguey, minmay_slime_entry_oklob_enclosed, beast_lair_carwin_6
Lair:6:   grunt_lair_end_beastmaster, layout_regular_city, serial_rivers,
          chequers_serial_rivers_large_b, chequers_serial_rivers_large_a,
          chequers_serial_rivers_micro_b, chequers_serial_rivers_micro_c,
          chequers_serial_rivers_micro_a, chequers_serial_rivers_small_3
Orc:1:    nicolae_orc_accident_2, layout_diamond_mine
Orc:2:    pf_orc_diabolical, layout_caves, serial_shops,
          nicolae_shop_statue_plus, mines2_david, uniq_azrael
Elf:1:    minmay_elf_arrival_plus, layout_geoelf_octagon,
          hangedman_elf_disciples
Elf:2:    layout_rooms, serial_shops, shop_fountains,
          nicolae_shop_overgrown_old_shop, shop, nicolae_shop_waterfront, shop,
          special_room [special_room_orc], hangedman_elf_represent
Elf:3:    minmay_elf_hall_four_x, layout_geoelf_castle, basic_altar,
          uniq_roxanne
Pan:      rand_demon_5, layout_gridville, evilmike_mini_pan_thingy,
          layout_small_grid, pan_blood_fountain

Skill      XL: |  1  2  3  4  5  6  7  8  9 10 11 12 13 14 15 16 17 18 19 |
---------------+----------------------------------------------------------+-----
Stealth        | 1 2 3 4 5 6 7 8 |  8.0
Bows           | 6 7 9 10 12 13 15 16 18 20 22 23 24 25 26 | 26.2
Short Blades   | 1 |  1.0
Dodging        | 2 3 4 5 6 7 8 9 10 11 12 | 12.6
Armour         | 1 2 4 5 6 |  6.2
Fighting       | 3 4 5 6 7 8 9 10 12 13 14 15 | 15.7
Maces & Flails | 1 2 3 4 6 7 8 |  8.0
Shields        | 1 2 |  2.0

Action                   |  1- 3 |  4- 6 |  7- 9 | 10-12 | 13-15 | 16-18 | 19-21 || total
-------------------------+-------+-------+-------+-------+-------+-------+-------++-------
Melee: Short sword       |    92 |   155 |    13 |       |       |       |       ||   260
       Kick              |     9 |    27 |    48 |   196 |       |       |       ||   280
       Morningstar       |       |       |    33 |   547 |       |     6 |       ||   586
       Whip              |       |       |   109 |       |       |       |       ||   109
       Shortbow          |       |       |     1 |       |       |       |       ||     1
 Fire: Shortbow          |    28 |   125 |   364 |   419 |   578 |       |       ||  1514
       Longbow           |       |       |       |       |  1287 |  1321 |   126 ||  2734
Invok: Berserk           |       |       |     3 |     4 |       |     1 |       ||     8
       Brothers in Arms  |       |       |       |     1 |     2 |     5 |       ||     8
       Trog's Hand       |       |       |       |       |     1 |     4 |     1 ||     6
Evoke: Wand              |       |       |       |       |       |       |     2 ||     2
  Use: Scroll            |       |    11 |     3 |    12 |     5 |    13 |     1 ||    45
       Potion            |       |     1 |     7 |     3 |    10 |     2 |     2 ||    25
 Stab: Sleeping          |       |       |     2 |    11 |       |       |       ||    13
       Distracted        |       |       |       |     3 |       |       |       ||     3
  Eat: Chunk             |     1 |     7 |     1 |    18 |    27 |    23 |     1 ||    78
       Ration            |       |     1 |     4 |     3 |       |     1 |     1 ||    10
Armor: Leather armour    |    23 |     1 |    97 |   183 |    98 |    18 |       ||   420
       Ice dragon scales |    41 |     3 |       |       |       |       |       ||    44
       Ring mail         |       |    93 |       |       |       |       |       ||    93
       Skin              |       |       |     2 |       |       |       |       ||     2
       Fire dragon scale |       |       |       |       |       |    35 |    18 ||    53
Dodge: Dodged            |    48 |   104 |   121 |   360 |   206 |   130 |    12 ||   981
Block: Shield            |       |       |       |   152 |       |       |       ||   152

Table legend:
 A = Non-vault XP
 B = Vault XP
 C = Vault XP percentage of total XP
 D = Non-vault monster count
 E = Vault monster count
 F = Vault count percentage of total count
                 A         B        C        D         E       F
            +---------+---------+-------+---------+---------+-------
      Total |  228997 |  180144 |  44.0 |     746 |     383 |  33.9
            +---------+---------+-------+---------+---------+-------
        D:1 |      54 |      12 |  18.2 |      19 |      12 |  38.7
        D:2 |      76 |       0 |   0.0 |      25 |       0 |   0.0
        D:3 |     180 |       0 |   0.0 |      26 |       0 |   0.0
        D:4 |     481 |     221 |  31.5 |      19 |       2 |   9.5
        D:5 |     345 |     643 |  65.1 |       5 |       2 |  28.6
        D:6 |     657 |     295 |  31.0 |      15 |       3 |  16.7
        D:7 |     523 |    3687 |  87.6 |      20 |      15 |  42.9
        D:8 |    1751 |     395 |  18.4 |      12 |       1 |   7.7
        D:9 |    4496 |    1597 |  26.2 |      42 |      23 |  35.4
       D:10 |    3362 |       0 |   0.0 |      24 |       0 |   0.0
       D:11 |    2832 |    1993 |  41.3 |      20 |       2 |   9.1
       D:12 |    8237 |    4240 |  34.0 |      46 |      11 |  19.3
       D:13 |    5708 |    5642 |  49.7 |      23 |      11 |  32.4
       D:14 |   10517 |       0 |   0.0 |      42 |       0 |   0.0
       D:15 |   19990 |    7160 |  26.4 |      50 |      12 |  19.4
     Lair:1 |    3646 |     884 |  19.5 |      15 |       1 |   6.2
     Lair:2 |    5848 |    1008 |  14.7 |      21 |       6 |  22.2
     Lair:3 |    4296 |    2440 |  36.2 |      21 |       6 |  22.2
     Lair:4 |   11604 |    1015 |   8.0 |      33 |      12 |  26.7
     Lair:5 |   12800 |    2886 |  18.4 |      26 |       9 |  25.7
     Lair:6 |   11249 |    7713 |  40.7 |      28 |      15 |  34.9
      Orc:1 |    3555 |     614 |  14.7 |      32 |       6 |  15.8
      Orc:2 |    4047 |   19245 |  82.6 |      39 |      72 |  64.9
      Elf:1 |   11947 |    8088 |  40.4 |      21 |      14 |  40.0
      Elf:2 |   21635 |   39301 |  64.5 |      36 |      64 |  64.0
      Elf:3 |   11752 |   59739 |  83.6 |      21 |      40 |  65.6
        Pan |   67409 |       0 |   0.0 |      65 |       0 |   0.0
      IceCv |       0 |    7739 | 100.0 |       0 |      36 | 100.0
   Gauntlet |       0 |    3587 | 100.0 |       0 |       8 | 100.0
            +---------+---------+-------+---------+---------+-------
